 Dungeon Crawl Stone Soup version 0.21.0-3-g78d12a8 (webtiles) character file.

228 letownia2 the Conjurer (level 6, 28/28 HPs)
             Began as a Vine Stalker Wizard on Jan 14, 2018.
             Quit the game in the Ecumenical Temple.
             The game lasted 00:05:52 (1747 turns).

letownia2 the Conjurer (Vine Stalker Wizard)        Turns: 1747, Time: 00:05:53

Health: 28/28      AC:  5    Str: 11    XL:     6   Next: 2%
Magic:  11/11      EV: 10    Int: 18    God:
Gold:   95         SH:  0    Dex: 16    Spells: 2/11 levels left

rFire    + . .     SeeInvis .   (no weapon)
rCold    . . .     Gourm    .   (no shield)
rNeg     . . .     Faith    .   k - +0 ring mail
rPois    .         Spirit   +   i - +0 hat
rElec    .         Reflect  .   (no cloak)
rCorr    .         Harm     .   (no gloves)
MR       .....                  (no boots)
Stlth    ++........             (no amulet)
HPRegen  0.49/turn              h - ring of protection from fire
MPRegen  0.12/turn              m - +3 ring of dexterity

@: no status effects
A: fangs 2, regeneration 1, magic shield, antimagic bite, no potion heal 3, rot
immunity
a: no special abilities


You were in the Ecumenical Temple.
You were hungry.

You visited 2 branches of the dungeon, and saw 5 of its levels.

You collected 95 gold pieces.

Inventory:

Hand Weapons
 b - the +9 war axe of Circular Logic {antimagic, rF+ Dex+5 Stlth+}
   (You found it on level 4 of the Dungeon)

   It reduces the magical energy of the wielder, and disrupts the spells and
   magical abilities of those hit.
   Natural abilities and divine invocations are not affected.
   It affects your dexterity (+5).
   It protects you from fire.
   It makes you more stealthy.
 e - a +0 dagger
Armour
 a - a +0 robe
 i - a +0 hat (worn)
 k - a +0 ring mail (worn)
Jewellery
 h - a ring of protection from fire (left hand)
 m - a +3 ring of dexterity (right hand)
Scrolls
 f - a scroll of immolation {unknown}
 l - a scroll of remove curse {unknown}
 n - a scroll of identify {unknown}
 o - a scroll of teleportation {unknown}
 p - a scroll of blinking {unknown}
Potions
 g - a potion of heal wounds {unknown}
 j - a potion of curing
Books
 c - a book of Minor Magic

   Spells                             Type                      Level
   a - Magic Dart                     Conjuration                  1
   b - Blink                          Translocation                2
   c - Call Imp                       Summoning                    2
   d - Slow                           Hexes                        2
   e - Conjure Flame                  Conjuration/Fire             3
   f - Mephitic Cloud                 Conjuration/Poison/Air       3
Comestibles
 d - 7 rations


   Skills:
 + Level 0.2 Fighting
 + Level 0.2 Armour
 - Level 1.5 Dodging
 - Level 2.4 Stealth
 - Level 3.2 Spellcasting
 + Level 3.8 Conjurations
   Level 1.0 Summonings
 + Level 1.1 Translocations
 - Level 2.0 Fire Magic
 - Level 2.0 Air Magic
 - Level 2.0 Poison Magic


You had 2 spell levels left.
You knew the following spells:

 Your Spells              Type           Power        Failure   Level  Hunger
a - Magic Dart            Conj           ###.         8%          1    None
b - Blink                 Tloc           N/A          36%         2    ##.....
c - Conjure Flame         Conj/Fire      ##......     34%         3    ###....
e - Mephitic Cloud        Conj/Pois/Air  ##......     36%         3    ###....


Dungeon Overview and Level Annotations

Branches:
Dungeon (4/15)             Temple (1/1) D:4

Altars:
Cheibriados
Dithmenos
Elyvilon
Fedhas
Hepliaklqana
Kikubaaqudgha
Makhleb
Nemelex Xobeh
Okawaru
Qazlal
Sif Muna
Trog
Uskayaw
Vehumet
Wu Jian
Xom
Yredelemnul
Zin


Innate Abilities, Weirdness & Mutations

You have extremely sharp teeth.
Your natural rate of healing is unusually fast.
When hurt, damage is shared between your health and your magic reserves.
Your bite disrupts and absorbs the magic of your enemies.
Potions cannot restore your health.
You are immune to rotting.


Message History

Put on which piece of jewellery? (? for menu, Esc to quit)
You feel agile.
m - a +3 ring of dexterity (right hand)
Found three altars.
Found three altars.
Found a hazy altar of Hepliaklqana and a hide-covered altar of Uskayaw.
Unknown command.
Found a white marble altar of Elyvilon and a shimmering altar of Xom.
Unknown command.
Found a snail-covered altar of Cheibriados.
Found a burning altar of Makhleb.
Found an iron altar of Okawaru.
Found a radiant altar of Vehumet.
There is a white marble altar of Elyvilon here.
There is a shimmering altar of Xom here.
There is an iron altar of Okawaru here.
All of the chunks of flesh in your inventory have rotted away.
You are feeling hungry.
Unknown command.
Are you sure you want to abandon this character and quit the game? (Confirm with "yes".)

≈≈≈≈≈≈.................≈≈≈≈≈≈
≈≈≈≈≈≈..⌠.....<.....⌠..≈≈≈≈≈≈
≈≈≈≈≈≈.................≈≈≈≈≈≈
≈≈≈≈≈≈≈...............≈≈≈≈≈≈≈
≈≈≈≈≈≈≈≈≈≈≈≈..⌠..≈≈≈≈≈≈≈≈≈≈≈≈
≈≈≈≈≈≈≈...≈≈≈...≈≈..≈≈≈≈≈≈≈≈≈
≈≈≈≈≈≈.≈≈≈......≈.≈≈.≈≈≈≈≈≈≈≈≈
≈≈≈≈≈≈.≈#≈≈≈≈≈≈≈≈.≈≈.≈≈≈≈≈≈≈≈≈
≈≈≈≈≈≈.≈≈≈......@≈≈.≈≈≈≈≈≈≈≈≈≈
≈≈≈≈≈≈≈...≈≈≈≈≈≈≈≈.≈≈≈≈≈≈≈≈≈≈≈
≈≈≈≈≈≈≈≈≈≈≈≈≈..≈..≈≈≈≈≈≈≈≈≈≈≈≈
≈≈≈≈≈≈≈≈≈≈≈..≈..≈≈≈≈≈≈≈≈≈≈≈≈≈≈
≈≈≈≈≈≈≈≈≈≈.≈≈≈≈≈≈≈≈...≈≈≈≈≈≈≈≈
≈≈≈≈≈≈≈≈≈.≈≈.......≈≈≈.≈≈≈≈≈≈≈
≈≈≈≈≈≈≈≈.≈≈.≈≈≈≈≈≈≈≈#≈.≈≈≈≈≈≈≈
≈≈≈≈≈≈≈≈.≈≈.≈......≈≈≈.≈≈≈≈≈≈≈
≈≈≈≈≈≈≈≈≈..≈≈...≈≈≈...≈≈≈≈≈≈≈≈


There were no monsters in sight!

Vanquished Creatures
  An ogre (D:4)
  A hound (D:4)
  A centaur skeleton (D:4)
  A worker ant (D:4)
  3 adders
  2 oozes
  An adder zombie (D:3)
  A dart slug (D:3)
  3 leopard geckos
  An orc (D:4)
  A bat (D:1)
  2 giant cockroaches
  4 goblins
  A hobgoblin (D:3)
  3 kobolds
  3 frilled lizards
  3 rats
32 creatures vanquished.

Notes
Turn   | Place    | Note
-------+----------+-------------------------------------------
     0 | D:1      | letownia2 the Vine Stalker Wizard began the quest for the Orb.
     0 | D:1      | Reached XP level 1. HP: 9/9 MP: 5/5
   182 | D:1      | Reached XP level 2. HP: 13/13 MP: 0/7
   525 | D:2      | Found a stormy altar of Qazlal.
   623 | D:2      | Reached XP level 3. HP: 16/16 MP: 1/8
   688 | D:2      | Learned a level 3 spell: Mephitic Cloud
   692 | D:2      | Learned a level 3 spell: Conjure Flame
  1016 | D:3      | Found a shadowy altar of Dithmenos.
  1161 | D:3      | Gained mutation: Your natural rate of healing is unusually fast. [Vine Stalker growth]
  1161 | D:3      | Reached XP level 4. HP: 21/21 MP: 3/9
  1296 | D:4      | Got a dazzling war axe
  1297 | D:4      | Identified the +9 war axe of Circular Logic {antimagic, rF+ Dex+5 Stlth+} (You found it on level 4 of the Dungeon)
  1307 | D:4      | Reached skill level 1 in Fire Magic
  1307 | D:4      | Reached skill level 1 in Air Magic
  1307 | D:4      | Reached skill level 1 in Poison Magic
  1390 | D:4      | Noticed an ogre
  1399 | D:4      | Killed an ogre
  1399 | D:4      | Reached XP level 5. HP: 24/24 MP: 3/10
  1412 | D:4      | Learned a level 2 spell: Blink
  1519 | D:4      | Reached XP level 6. HP: 28/28 MP: 3/11
  1562 | D:4      | Found a staircase to the Ecumenical Temple.
  1572 | Temple   | Entered the Ecumenical Temple
  1747 | Temple   | Quit the game

Skill      XL: |  1  2  3  4  5 |
---------------+----------------+-----
Conjurations   | 2 3 |  3.8
Fire Magic     | 1 2 |  2.0
Air Magic      | 1 2 |  2.0
Poison Magic   | 1 2 |  2.0
Fighting       | |  0.2
Armour         | |  0.2
Dodging        | |  1.5
Stealth        | |  2.4
Spellcasting   | |  3.2
Summonings     | |  1.0
Translocations | |  1.1

Action                   |  1- 3 |  4- 6 || total
-------------------------+-------+-------++-------
Melee: Dagger            |    15 |       ||    15
       Bite              |     5 |     3 ||     8
       War axe           |       |    10 ||    10
 Cast: Magic Dart        |    59 |    12 ||    71
       Mephitic Cloud    |       |     1 ||     1
  Use: Potion            |     1 |       ||     1
 Stab: Sleeping          |     1 |       ||     1
  Eat: Chunk             |     1 |     1 ||     2
Armor: Ring mail         |     1 |     3 ||     4
       Robe              |     1 |       ||     1
Dodge: Dodged            |    12 |     7 ||    19
